 Dungeon Sprint DCSS version 0.21.1-1-g345015f (webtiles) character file.

163 Crelarid the Firebug (level 5, -15/40 HPs)
             Began as a Draconian Fire Elementalist on Mar 21, 2018.
             Was an Elder of Vehumet.
             Demolished by a water elemental (20 damage)
             ... in the Dungeon (Sprint VII: "The Pits").
             The game lasted 00:03:29 (378 turns).

Crelarid the Firebug (Draconian Fire Elementalist)   Turns: 378, Time: 00:03:31

Health: -15/40     AC: 12    Str: 12    XL:     5   Next: 20%
Magic:  11/11      EV: 13    Int: 15    God:    Vehumet [****..]
Gold:   0          SH:  0    Dex: 11    Spells: 3/12 levels left

rFire    . . .     SeeInvis .   i - +2 trident (protect)
rCold    . . .     Gourm    .   (no shield)
rNeg     . . .     Faith    .   (armour unavailable)
rPois    .         Spirit   .   (helmet restricted)
rElec    .         Reflect  .   (no cloak)
rCorr    .         Harm     .   (no gloves)
MR       .....     NoTele   +   (no boots)
Stlth    ++........             (no amulet)
HPRegen  0.13/turn              (no ring)
MPRegen  0.12/turn              (no ring)

@: engulfed (cannot breathe), protection aura
A: unfitting armour, cold-blooded, AC +5
a: Renounce Religion


You were in the Dungeon.
You worshipped Vehumet.
Vehumet was greatly pleased with you.
You were not hungry.

You visited 1 branch

Inventory:

Hand Weapons
 i - a +2 trident of protection (weapon)
Scrolls
 h - a scroll of blinking
 k - 3 scrolls of remove curse
 l - 5 scrolls of amnesia
 m - a scroll of summoning
Potions
 c - 6 potions of curing
 d - 6 potions of heal wounds
 e - a potion of haste
 f - 4 potions of magic
 g - 2 potions of berserk rage
 j - 2 potions of invisibility
Books
 a - a book of Flames

   Spells                             Type                      Level
   a - Flame Tongue                   Conjuration/Fire             1
   b - Throw Flame                    Conjuration/Fire             2
   c - Conjure Flame                  Conjuration/Fire             3
   d - Inner Flame                    Hexes/Fire                   3
   e - Sticky Flame                   Conjuration/Fire             4
   f - Fireball                       Conjuration/Fire             5
Comestibles
 b - 9 rations


   Skills:
 + Level 1.4 Fighting
 + Level 3.3 Polearms
 + Level 4.4 Dodging
 + Level 3.2 Stealth
 + Level 4.3 Spellcasting
 + Level 2.1 Conjurations
 + Level 7.3 Fire Magic


You had 3 spell levels left.
You knew the following spells:

 Your Spells              Type           Power        Failure   Level  Hunger
a - Flame Tongue          Conj/Fire      ###..        1%          1    None
b - Throw Flame           Conj/Fire      ###...       1%          2    ##.....
c - Conjure Flame         Conj/Fire      ###.....     2%          3    ###....
d - Inner Flame           Hex/Fire       ##......     3%          3    ###....


Dungeon Overview and Level Annotations

Branches:
Dungeon (1/1)

Altars:
Ashenzari
Cheibriados
Dithmenos
Elyvilon
Fedhas
Gozag
Hepliaklqana
Kikubaaqudgha
Makhleb
Nemelex Xobeh
Okawaru
Qazlal
Ru
Sif Muna
Trog
Uskayaw
Vehumet
Wu Jian
Xom
Yredelemnul
Zin
The Shining One
Beogh
Jiyva
Lugonu


Innate Abilities, Weirdness & Mutations

Your plain brown scales are hard. (AC +5)
You cannot fit into any form of body armour.
You are cold-blooded and may be slowed by cold attacks.


Message History

You puncture the water elemental!
The water elemental is moderately damaged.
The water elemental hits you!
The water elemental engulfs you in water!
You barely miss the water elemental.
The water elemental is moderately damaged.
Your lungs strain for air!
The water elemental barely misses you.
You puncture the water elemental!
The water elemental is moderately damaged.
Your lungs strain for air!
The water elemental closely misses you.
You cannot cast spells while unable to breathe!
You hit the water elemental but do no damage.
The water elemental is moderately damaged.
* * * LOW HITPOINT WARNING * * *
Your lungs strain for air!
The water elemental hits you!!
Ouch! That really hurt!
You die...

#.#........##.......#
#.#........##.......#
#)###########.......#
#(......# #########
#)).#...# #...#...#
#.##.##.#+#
#...#...#E+
#...#...#@#
#.......'.#
###########


You could see a water elemental.

Vanquished Creatures
  An ogre (D)
  A crimson imp (D)
  2 river rats (D)
  A white imp (D)
  An adder zombie (D)
  4 orcs (D)
  2 ball pythons (D)
  A quokka (D)
  2 goblins (D)
  A jackal skeleton (D)
  2 rats (D)
18 creatures vanquished.

Notes
Turn   | Place    | Note
-------+----------+-------------------------------------------
     0 | D        | Crelarid the Draconian Fire Elementalist began the quest for the Orb.
     0 | D        | Reached XP level 1. HP: 14/14 MP: 3/3
    24 | D        | Found a bloodstained altar of Trog.
    24 | D        | Found a deep blue altar of Sif Muna.
    24 | D        | Found a viscous altar of Jiyva.
    24 | D        | Found a hazy altar of Hepliaklqana.
    24 | D        | Found an opulent altar of Gozag.
    25 | D        | Found a glowing golden altar of the Shining One.
    25 | D        | Found a glowing silver altar of Zin.
    25 | D        | Found a basalt altar of Yredelemnul.
    25 | D        | Found a shimmering altar of Xom.
    25 | D        | Found an ornate altar of the Wu Jian Council.
    25 | D        | Found a sacrificial altar of Ru.
    25 | D        | Found a stormy altar of Qazlal.
    25 | D        | Found an iron altar of Okawaru.
    25 | D        | Found a sparkling altar of Nemelex Xobeh.
    25 | D        | Found a burning altar of Makhleb.
    25 | D        | Found a blossoming altar of Fedhas.
    25 | D        | Found a white marble altar of Elyvilon.
    25 | D        | Found a shadowy altar of Dithmenos.
    25 | D        | Found a snail-covered altar of Cheibriados.
    27 | D        | Found a radiant altar of Vehumet.
    27 | D        | Found a corrupted altar of Lugonu.
    27 | D        | Found a roughly hewn altar of Beogh.
    28 | D        | Found a hide-covered altar of Uskayaw.
    28 | D        | Found an ancient bone altar of Kikubaaqudgha.
    28 | D        | Found a shattered altar of Ashenzari.
    35 | D        | Became a worshipper of Vehumet
    95 | D        | Reached * piety under Vehumet
    95 | D        | Offered knowledge of Sting by Vehumet.
    95 | D        | Reached skill level 4 in Fire Magic
    95 | D        | Reached XP level 2. HP: 19/20 MP: 3/5
   223 | D        | Reached ** piety under Vehumet
   231 | D        | Reached skill level 5 in Fire Magic
   312 | D        | Noticed an ogre
   318 | D        | Learned a level 2 spell: Throw Flame
   324 | D        | Offered knowledge of Freeze by Vehumet.
   324 | D        | Reached skill level 1 in Polearms
   324 | D        | Reached XP level 3. HP: 26/26 MP: 2/7
   327 | D        | Killed an ogre
   327 | D        | Reached *** piety under Vehumet
   327 | D        | Reached skill level 1 in Fighting
   327 | D        | Reached skill level 6 in Fire Magic
   327 | D        | Reached XP level 4. HP: 35/35 MP: 5/10
   341 | D        | Reached **** piety under Vehumet
   341 | D        | Reached skill level 7 in Fire Magic
   341 | D        | Reached XP level 5. HP: 40/40 MP: 11/11
   364 | D        | Learned a level 3 spell: Conjure Flame
   368 | D        | Learned a level 3 spell: Inner Flame
   372 | D        | Noticed a water elemental
   378 | D        | Demolished by a water elemental

Skill      XL: |  1  2  3  4 |
---------------+-------------+-----
Dodging        | 2 3 4 |  4.4
Stealth        | 2 3 |  3.2
Fire Magic     | 4 5 6 7 |  7.3
Polearms       | 1 2 3 |  3.3
Fighting       | 1 |  1.4
Spellcasting   | 4 |  4.3
Conjurations   | 2 |  2.1

Action                   |  1- 3 |  4- 6 || total
-------------------------+-------+-------++-------
Melee: Trident           |    25 |    22 ||    47
       Tailslap          |     2 |     3 ||     5
 Cast: Flame Tongue      |     4 |       ||     4
       Throw Flame       |     2 |       ||     2
  Use: Potion            |     1 |       ||     1
 Stab: Sleeping          |       |     1 ||     1
Armor: Skin              |     6 |    11 ||    17
Dodge: Dodged            |    14 |    13 ||    27
